 Dungeon Crawl Stone Soup version 0.18.1-48-g4cf74bf (webtiles) character file.

390 Metae the Covered (level 6, -1/56 HPs)
             Began as a Minotaur Fighter on July 7, 2016.
             Succumbed to a killer bee's poison
             ... on level 4 of the Dungeon.
             The game lasted 00:12:38 (2168 turns).

Metae the Covered (Minotaur Fighter)                Turns: 2168, Time: 00:12:39

Health: -1/56      AC:  7    Str: 20    XL:     6   Next: 50%
Magic:  5/5        EV:  8    Int:  5    God:    Xom [..*...]
Gold:   130        SH: 10    Dex: 12    Spells: 0 memorised, 5 levels left

rFire  . . .     SeeInvis .     a - +0 trident
rCold  . . .     Gourm    .     b - +0 scale mail
rNeg   . . .     Faith    .     c - +0 shield
rPois  .         Spirit   .     (helmet restricted)
rElec  .         Dismiss  .     (no cloak)
rCorr  .         Reflect  .     (no gloves)
SustAt .         Harm     .     (no boots)
MR     .....                    (no amulet)
Stlth  ..........               (no ring)
                                e - ring of flight

@: lethally poisoned (-1 -> -15), not resistant to hostile enchantments,
extremely unstealthy
A: retaliatory headbutt, horns 2
a: Renounce Religion, Evoke Flight


You were on level 4 of the Dungeon.
You worshipped Xom.
You were a toy of Xom.
You were not hungry.

You visited 1 branch of the dungeon, and saw 4 of its levels.

You collected 130 gold pieces.

Inventory:

Hand Weapons
 a - a +0 trident (weapon)
 n - a +2 hunting sling of flaming
 w - a +1 whip of freezing
Armour
 b - a +0 scale mail (worn)
 c - a +0 shield (worn)
Jewellery
 e - a ring of flight (left hand)
Scrolls
 h - a scroll of fear {unknown}
 j - a scroll of remove curse {unknown}
 k - 3 scrolls of teleportation
 p - a scroll of recharging {unknown}
 q - 3 scrolls of identify {unknown}
 t - a scroll of amnesia {unknown}
 u - a scroll of enchant armour {unknown}
Potions
 d - a potion of might
 g - a potion of brilliance {unknown}
 m - a potion of haste {unknown}
 o - a potion of degeneration {unknown}
 r - a potion of mutation {unknown}
 s - a potion of resistance {unknown}
Comestibles
 f - 2 bread rations
 i - a beef jerky
 l - a meat ration
 v - 22 chunks of flesh


   Skills:
 * Level 5.0 Fighting
 + Level 3.4 Polearms
 * Level 5.6 Armour
 + Level 2.1 Dodging
 + Level 1.7 Stealth
 + Level 4.7 Shields
 + Level 0.8 Evocations


You had 5 spell levels left.
You didn't know any spells.

Dungeon Overview and Level Annotations

Branches:
Dungeon (4/15)
 Temple: D:4-7

Altars:
Xom


Innate Abilities, Weirdness & Mutations

You reflexively headbutt those who attack you in melee.
You have a pair of horns on your head.


Message History

* * * LOW HITPOINT WARNING * * *
You feel sick. The killer bee barely misses you.
Your surroundings suddenly seem different.
* * * LOW HITPOINT WARNING * * *
You feel sick.
Found a scroll labeled YNUDOCUEDE, 24 sling bullets and 13 gold pieces.
* * * LOW HITPOINT WARNING * * *
You feel sick.
Found a stone staircase leading down.
There is a lethal amount of poison in your body!
* * * LOW HITPOINT WARNING * * *
You feel sick.
* * * LOW HITPOINT WARNING * * *
You feel sick.
* * * LOW HITPOINT WARNING * * *
You feel sick.
* * * LOW HITPOINT WARNING * * *
You feel sick.
You die...
Xom thinks this is hilarious!

#.#.#.#..#
.........#
#.#.#.#..#
......$..# .
.....#...###...
....>..........
... #...#
.....#...###
.......@...#
...........#
...........#
####.##.####
..? #.# ....
.(. .... #.#
... #.#


There were no monsters in sight!

Vanquished Creatures
  The ghost of kobby the Skirmisher, an amateur HOFi (D:3)
  A killer bee (D:4)
  An orc priest (D:3)
  An orc wizard (D:3)
  Jessica (D:2)
  3 adders
  3 worms (D:2)
  2 dart slugs
  4 giant geckos
  9 orcs
  10 bats
  3 giant cockroaches
  7 goblins
  7 hobgoblins
  A ball python (D:2)
  6 giant newts
  8 kobolds
  7 rats
75 creatures vanquished.

Notes
Turn   | Place    | Note
--------------------------------------------------------------
     0 | D:1      | Metae the Minotaur Fighter began the quest for the Orb.
     0 | D:1      | Reached XP level 1. HP: 19/19 MP: 0/0
    59 | D:1      | Reached XP level 2. HP: 27/27 MP: 1/1
   654 | D:2      | Noticed Jessica
   659 | D:2      | Killed Jessica
   659 | D:2      | Reached skill level 1 in Dodging
   659 | D:2      | Reached XP level 3. HP: 30/33 MP: 2/2
   756 | D:2      | Found a shimmering altar of Xom.
   760 | D:2      | Reached XP level 4. HP: 40/40 MP: 3/3
  1588 | D:2      | Reached skill level 1 in Stealth
  1611 | D:2      | Became a worshipper of Xom of Chaos
  1644 | D:3      | XOM: smoke on damage
  1796 | D:3      | Noticed kobby's ghost (amateur HOFi)
  1799 | D:3      | XOM: silly message
  1802 | D:3      | XOM: potion effect (invisibility)
  1808 | D:3      | XOM: potion effect (berserk rage)
  1812 | D:3      | Killed kobby's ghost
  1812 | D:3      | Reached skill level 5 in Armour
  1812 | D:3      | Reached XP level 5. HP: 27/47 MP: 4/4
  1990 | D:3      | Reached XP level 6. HP: 49/53 MP: 5/5
  2009 | D:3      | Reached skill level 5 in Fighting
  2147 | D:4      | XOM: potion effect (heal wounds)
  2150 | D:4      | XOM: potion effect (heal wounds)
  2158 | D:4      | XOM: harmless Summ miscast
  2166 | D:4      | HP: 2/56 [poisoned by a killer bee]
  2168 | D:4      | Succumbed to a killer bee's poison

Skill      XL: |  1  2  3  4  5  6 |
---------------+-------------------+-----
Shields        | 4 |  4.7
Armour         | 4 5 |  5.6
Dodging        | 1 2 |  2.1
Fighting       | 4 5 |  5.0
Stealth        | 1 |  1.7
Polearms       | 3 |  3.4
Evocations     | |  0.8

Action                   |  1- 3 |  4- 6 || total
-------------------------+-------+-------++-------
Melee: Trident           |    69 |   136 ||   205
       Headbutt          |     5 |    21 ||    26
  Use: Scroll            |       |     1 ||     1
  Eat: Chunk             |       |     5 ||     5
Armor: Scale mail        |    23 |    32 ||    55
Dodge: Dodged            |    15 |    28 ||    43
Block: Shield            |    20 |    45 ||    65
